 Dungeon Crawl Stone Soup version 0.22.1-1-ga44c0e56f4 (webtiles) character file.

31 Ivernyr the Digger (level 3, 28/28 HPs)
             Began as a Deep Dwarf Earth Elementalist on Sept 29, 2018.
             Quit the game on level 1 of the Dungeon.
             The game lasted 00:03:55 (826 turns).

Ivernyr the Digger (Deep Dwarf Earth Elementalist)   Turns: 826, Time: 00:03:56

Health: 28/28      AC:  2    Str: 11    XL:     3   Next: 7%
Magic:  5/5        EV: 13    Int: 16    God:
Gold:   59         SH:  0    Dex: 13    Spells: 3/6 levels left

rFire    . . .     SeeInvis .   l - +1 mace (holy)
rCold    . . .     Gourm    .   (no shield)
rNeg     . . .     Faith    .   c - +0 robe
rPois    .         Spirit   .   (no helmet)
rElec    .         Reflect  .   (no cloak)
rCorr    .         Harm     .   (no gloves)
MR       .....                  (no boots)
Stlth    ++........             (no amulet)
HPRegen  0.00/turn              (no ring)
MPRegen  0.09/turn              (no ring)

@: non-regenerating
A: damage resistance, heal wounds, sense surroundings 1, no regeneration
a: Heal Wounds


You were on level 1 of the Dungeon.
You were not hungry.

You visited 1 branch of the dungeon, and saw 1 of its levels.

You collected 59 gold pieces.

Inventory:

Hand Weapons
 l - a +1 mace of holy wrath (weapon)
Missiles
 b - 52 stones (quivered)
Armour
 c - a +0 robe (worn)
Scrolls
 a - a scroll of enchant weapon {unknown}
 e - 2 scrolls of identify {unknown}
 f - a scroll of remove curse {unknown}
 h - a scroll of enchant armour {unknown}
 k - a scroll of immolation {unknown}
Potions
 g - a potion of flight {unknown}
 i - 2 potions of curing {unknown}
 j - a potion of resistance {unknown}
 m - a potion of invisibility {unknown}
Comestibles
 d - a ration


   Skills:
 + Level 2.7 Dodging
 - Level 2.4 Stealth
 + Level 2.1 Spellcasting
 - Level 0.8 Transmutations
 * Level 4.9 Earth Magic


You had 3 spell levels left.
You knew the following spells:

 Your Spells              Type           Power        Failure   Level  Hunger
a - Sandblast             Erth           ###...       2%          1    #......
b - Passwall              Tmut/Erth      ##......     10%         2    ###....

Your spell library contained the following spells:

 Spells                   Type           Power        Failure   Level  Hunger
 Stone Arrow              Conj/Erth      #.....       22%         3    ###....
 Petrify                  Tmut/Erth      ##......     52%         4    #####..
 Lee's Rapid Deconstruct  Erth           ###.......   58%         5    ######.


Dungeon Overview and Level Annotations

Branches:
Dungeon (1/15)

Altars:


Innate Abilities, Weirdness & Mutations

You are resistant to damage.
You can heal yourself by infusing magical energy.
You passively map a small area around you.
You do not regenerate.


Message History

The bat hits you but does no damage. The bat closely misses you.
The bat barely misses you. The bat closely misses you.
You closely miss the bat. The bat hits you but does no damage.
The bat barely misses you. x2
The bat barely misses you. The bat hits you but does no damage.
You hit the bat.
You kill the bat!
The bat hits you but does no damage.
You closely miss the bat. The bat misses you.
You hit the bat.
The bat is heavily wounded.
The bat misses you. The bat misses you.
You hit the bat.
You kill the bat!
You see here a bat corpse.
You now have 59 gold pieces (gained 16).
Your magical essence is drained by the effort!
You feel much better.
Are you sure you want to abandon this character and quit the game? (Confirm

#.# #.# ##.##. #.# #.# #...#. #.#
#†# ##...## #.# #.# #.....# #.#
##### #.# #.....#
#.#####...###########.# #..8..'
.....................# #.....#
#####...############# #.....#
########.†....†.@.......,,##...##
............############ *#...#
########...... ##.## *##..b..#
#+# * .......# *, , ###.....# * ,
#.....# * , ###.### *


There were no monsters in sight!

Vanquished Creatures
  A leopard gecko (D:1)
  7 bats (D:1)
  A giant cockroach (D:1)
  6 hobgoblins (D:1)
  2 frilled lizards (D:1)
  8 goblins (D:1)
  A rat (D:1)
26 creatures vanquished.

Notes
Turn   | Place    | Note
-------+----------+-------------------------------------------
     0 | D:1      | Ivernyr the Deep Dwarf Earth Elementalist began the quest
                  | for the Orb.
     0 | D:1      | Reached XP level 1. HP: 15/15 MP: 3/3
   230 | D:1      | Reached XP level 2. HP: 22/22 MP: 0/4
   270 | D:1      | Learned a level 2 spell: Passwall
   795 | D:1      | Reached XP level 3. HP: 14/28 MP: 6/6
   826 | D:1      | Quit the game

Skill      XL: |  1  2 |
---------------+-------+-----
Spellcasting   | 2 |  2.1
Dodging        | |  2.7
Stealth        | |  2.4
Transmutations | |  0.8
Earth Magic    | |  4.9

Action                   || total
-------------------------++-------
Melee: Unarmed           ||    29
       Mace              ||    48
 Cast: Sandblast         ||    17
 Abil: Heal Wounds       ||     2
 Stab: Sleeping          ||     4
Armor: Robe              ||    36
Dodge: Dodged            ||    78
